 Dungeon Crawl Stone Soup version 0.29.1-12-g30fa7ad0bf (webtiles) character file.

Game seed: 2814989141171870637

3 hitthewallwitha the Shooter (level 1, -1/18 HPs)
             Began as a Minotaur Hunter on Dec 23, 2022.
             Slain by a kobold
             ... wielding a +0 dagger
              (3 damage)
             ... on level 1 of the Dungeon.
             The game lasted 00:01:55 (151 turns).

hitthewallwitha the Shooter (Minotaur Hunter)        Turns: 151, Time: 00:01:56

Health: -1/18      AC:  3    Str: 15    XL:     1   Next: 41%
Magic:  0/0        EV: 12    Int:  6    God:
Gold:   0          SH:  0    Dex: 13    Spells: 0/0 levels left

rFire   . . .      SeeInvis .   a - +0 shortbow
rCold   . . .      Faith    .   (shield currently unavailable)
rNeg    . . .      Spirit   .   c - +0 leather armour
rPois   .          Reflect  .   (helmet restricted)
rElec   .          Harm     .   (no cloak)
rCorr   .          Rampage  .   (no gloves)
Will    .....                   (no boots)
Stlth   +.........              (no amulet)
HPRegen 0.06/turn               (no ring)
MPRegen 0.07/turn               (no ring)

@: no status effects
A: horns 2, retaliatory headbutt
a: no special abilities


You were on level 1 of the Dungeon.
You visited 1 branch of the dungeon, and saw 1 of its levels.

Inventory:

Hand Weapons
 a - a +0 shortbow (weapon)
 f - a +0 dagger
 h - a +0 sling
Armour
 c - a +0 leather armour (worn)
 j - a +0 scale mail
Scrolls
 b - a scroll of immolation
 e - a scroll of enchant armour {unknown}
 i - a scroll of enchant weapon {unknown}
Potions
 g - 2 potions of heal wounds {unknown}


   Skills:
 + Level 2.4 Fighting
 + Level 4.6 Ranged Weapons
 + Level 2.1 Dodging
 + Level 0.7 Stealth


You couldn't memorise any spells.
You didn't know any spells.
Your spell library was empty.

Dungeon Overview and Level Annotations

Branches:
Dungeon (1/15)

Altars:


Innate Abilities, Weirdness & Mutations

You have a pair of horns on your head.
You reflexively headbutt those who attack you in melee.


Message History

You barely miss the kobold.
A nearby plant withers and dies.
The bat barely misses you. The kobold barely misses you.
You furiously retaliate!
You headbutt the kobold, but do no damage.
You closely miss the kobold. The bat hits you.
The bat hits you but does no damage. The kobold barely misses you.
The kobold hits you but does no damage.
You closely miss the kobold. Your headbutt misses the kobold. The bat hits you.
The rat barely misses you. You furiously retaliate!
You headbutt the rat.
You kill the rat!
The kobold misses you.
You clumsily bash the kobold but do no damage.
The bat misses you. The bat barely misses you.
The kobold hits you with a +0 dagger. The kobold barely misses you.
You clumsily bash the kobold but do no damage.
Your headbutt misses the kobold. The bat completely misses you.
The kobold closely misses you.
You clumsily bash the kobold but do no damage.
The bat barely misses you. The kobold closely misses you.
The kobold hits you but does no damage.
You clumsily bash the kobold but do no damage.
Your headbutt misses the kobold. The bat hits you but does no damage.
The kobold barely misses you.
You clumsily bash the kobold but do no damage.
The bat hits you. The kobold closely misses you. x2
You clumsily bash the kobold but do no damage.
The bat hits you. The kobold hits you with a +0 dagger.
You clumsily bash the kobold but do no damage.
The bat hits you. The bat hits you but does no damage.
The kobold barely misses you. The kobold hits you with a +0 dagger.
* * * LOW HITPOINT WARNING * * *
You clumsily bash the kobold but do no damage.
The bat hits you but does no damage. The kobold barely misses you.
You furiously retaliate!
You headbutt the kobold.
You clumsily bash the kobold but do no damage.
The kobold is severely wounded.
The bat hits you.
* * * LOW HITPOINT WARNING * * *
The kobold hits you with a +0 dagger.
You die...

P.. # ♣ .. ## .. ~. #.
..~~~♣ #. ♣~~~♣.♣ ##
♣~~...##+## ##
~~~♣~..b...# ########'
♣~..†@...## ..........
P~~..♣#K....#...........
... #............#.... .
#....#######.#....
###'## #...... #.#
###.... #.# ##### #.#
#.#


You could see a bat and a kobold.

Vanquished Creatures
  A dart slug (D:1)
  A rat (D:1)
2 creatures vanquished.

Vanquished Creatures (others)
  5 plants (D:1)
5 creatures vanquished.

Grand Total: 7 creatures vanquished

Notes
Turn   | Place    | Note
-------+----------+-------------------------------------------
     0 | D:1      | hitthewallwitha the Minotaur Hunter began the quest for the
                  | Orb.
     0 | D:1      | Reached XP level 1. HP: 18/18 MP: 0/0
   151 | D:1      | Slain by a kobold

Illustrated notes

Levels and vault maps discovered:
D:1:      onia_arrival_pentagram, layout_basic, serial_bayou,
          serial_bayou_lake_a, serial_bayou_shore_a, serial_bayou_pond_b,
          serial_bayou_pond_a

Action                   || total
-------------------------++-------
Melee: Shortbow          ||    14
       Headbutt          ||     2
Throw: Stone             ||     4
Armor: Leather armour    ||     9
Dodge: Dodged            ||    20
